| TOP OF THE 1ST |
|
Dunedin Rangers batting - Pitching for St. Pete Cardinals : RHP Stan Leland
|
|
Pitching: RHP Stan Leland
|
|
|
Batting: RHB Gary Thurman
|
0-0: SINGLE (Line Drive, 9LS, EV 103.8 MPH)
|
|
Batting: RHB Mike Taylor
|
0-0: Ball 1-0: Ball 2-0: Ball 3-0: Called Strike 3-1: Base on Balls Gary Thurman to second
|
|
Batting: LHB Mike L Hart
|
0-0: Ball 1-0: Ball 2-0: Called Strike 2-1: Called Strike Gary Thurman steals 3rd base (no throw) Mike Taylor to second 2-2: Ball 3-2: Strikes out swinging
|
|
Batting: RHB Glenn Wilson
|
0-0: Foul Ball, location: 2F 0-1: Fly out, F9 (Flyball, 9, EV 71.9 MPH) Runner from 3rd tags up, SCORES, throw by RF Mike Taylor to third
|
|
Now in RF: Carlos Garcia
|
|
|
Batting: LHB Ty Van Burkleo
|
0-0: Fly out, F9 (Flyball, 89M, EV 82.5 MPH)
|
| Top of the 1st over - 1 run, 1 hit, 0 errors, 1 left on base; Dunedin 1 - St. Pete 0 |
| BOTTOM OF THE 1ST |
|
St. Pete Cardinals batting - Pitching for Dunedin Rangers : RHP Ronald Sylvia
|
|
Pitching: RHP Ronald Sylvia
|
|
|
Batting: RHB John Roberts
|
0-0: Ball 1-0: Fly out, F9 (Line Drive, 9, EV 93.1 MPH)
|
|
Batting: SHB Mickey Riley
|
0-0: Ground out 4-3 (Groundball, 4, EV 85.0 MPH)
|
|
Batting: RHB Joe Scime
|
0-0: Ball 1-0: Ball 2-0: Ball 3-0: Base on Balls
|
|
Batting: RHB Eric Hardgrave
|
0-0: Foul Ball, location: 2F 0-1: Swinging Strike 0-2: SINGLE (Groundball, 6MD, EV 98.8 MPH) Joe Scime to second Runner from 2nd tries for 3rd, SAFE, throw by CF made to third
|
|
Batting: RHB Carlos Garcia
|
0-0: Foul Ball, location: 2F 0-1: Foul Ball, location: 2F 0-2: Strikes out swinging
|
| Bottom of the 1st over - 0 runs, 1 hit, 0 errors, 2 left on base; Dunedin 1 - St. Pete 0 |
| TOP OF THE 2ND |
|
Dunedin Rangers batting - Pitching for St. Pete Cardinals : RHP Stan Leland
|
|
Batting: RHB Edgar Martinez
|
0-0: Called Strike 0-1: Ball 1-1: Ball 2-1: Ball 3-1: Called Strike 3-2: Base on Balls
|
|
Batting: LHB David Thielker
|
0-0: Swinging Strike 0-1: Fly out, F5 (Popup, 5SF, EV 79.4 MPH)
|
|
Batting: RHB Ron Gant
|
0-0: Ball 1-0: Called Strike 1-1: Swinging Strike 1-2: Fly out, F7 (Flyball, 78S, EV 87.5 MPH)
|
|
Batting: RHB Danny Andrade
|
0-0: Ball 1-0: Ball 2-0: Ball 3-0: Called Strike 3-1: Base on Balls Edgar Martinez to second
|
|
Batting: RHB Gary Thurman
|
0-0: Ground out U3 (Groundball, 34, EV 91.9 MPH)
|
| Top of the 2nd over - 0 runs, 0 hits, 0 errors, 2 left on base; Dunedin 1 - St. Pete 0 |
| BOTTOM OF THE 2ND |
|
St. Pete Cardinals batting - Pitching for Dunedin Rangers : RHP Ronald Sylvia
|
|
Batting: RHB Sal Agostinelli
|
0-0: DOUBLE (Line Drive, 89D, EV 106.9 MPH)
|
|
Batting: RHB Omar Interiano
|
0-0: Called Strike 0-1: DOUBLE (Line Drive, 78D, EV 105.6 MPH) Sal Agostinelli scores
|
|
Batting: RHB Tom Magrann
|
0-0: Called Strike 0-1: Ball 1-1: Called Strike 1-2: Ball 2-2: Ball 3-2: Strikes out swinging
|
|
Batting: RHB Jose Mantilla
|
0-0: Ball 1-0: Called Strike 1-1: Ball 2-1: Fly out, F7 (Flyball, 7, EV 96.3 MPH)
|
|
Batting: RHB John Roberts
|
0-0: Called Strike 0-1: Fly out, F7 (Flyball, 7, EV 90.6 MPH)
|
| Bottom of the 2nd over - 1 run, 2 hits, 0 errors, 1 left on base; Dunedin 1 - St. Pete 1 |
| TOP OF THE 3RD |
|
Dunedin Rangers batting - Pitching for St. Pete Cardinals : RHP Stan Leland
|
|
Batting: RHB Mike Taylor
|
0-0: Called Strike 0-1: Ground out 6-3 (Groundball, 6, EV 105.0 MPH)
|
|
Batting: LHB Mike L Hart
|
0-0: Called Strike 0-1: Foul Ball, location: 2F 0-2: Strikes out looking
|
|
Batting: RHB Glenn Wilson
|
0-0: Ball 1-0: Ball 2-0: Fly out, F8 (Flyball, 8RS, EV 95.6 MPH)
|
| Top of the 3rd over - 0 runs, 0 hits, 0 errors, 0 left on base; Dunedin 1 - St. Pete 1 |
| BOTTOM OF THE 3RD |
|
St. Pete Cardinals batting - Pitching for Dunedin Rangers : RHP Ronald Sylvia
|
|
Batting: SHB Mickey Riley
|
0-0: Called Strike 0-1: SINGLE (Flyball, 34D, EV 95.0 MPH)
|
|
Batting: RHB Joe Scime
|
0-0: Called Strike 0-1: Ball 1-1: DOUBLE (Line Drive, 78D, EV 104.4 MPH) Mickey Riley to third
|
|
Batting: RHB Eric Hardgrave
|
0-0: Called Strike 0-1: Ball 1-1: SINGLE (Groundball, 6MD, EV 106.9 MPH) Mickey Riley scores Joe Scime to third Runner from 3rd tries for Home, SAFE, throw by CF to home
|
|
Batting: RHB Carlos Garcia
|
0-0: Ball 1-0: Ball 2-0: Called Strike 2-1: Swinging Strike 2-2: Strikes out swinging
|
|
Batting: RHB Sal Agostinelli
|
0-0: Fly out, F8 (Line Drive, 8LM, EV 94.4 MPH)
|
|
Batting: RHB Omar Interiano
|
0-0: DOUBLE (Line Drive, 9LM, EV 98.1 MPH) Eric Hardgrave to third
|
|
Batting: RHB Tom Magrann
|
0-0: Ball 1-0: Ball 2-0: Fly out, F9 (Flyball, 89M, EV 88.1 MPH)
|
| Bottom of the 3rd over - 2 runs, 4 hits, 0 errors, 2 left on base; Dunedin 1 - St. Pete 3 |
| TOP OF THE 4TH |
|
Dunedin Rangers batting - Pitching for St. Pete Cardinals : RHP Stan Leland
|
|
Batting: LHB Ty Van Burkleo
|
0-0: Called Strike 0-1: Ball 1-1: Ball 2-1: SINGLE (Groundball, 34S, EV 67.5 MPH) (infield hit)
|
|
Batting: RHB Edgar Martinez
|
0-0: Foul Ball, location: 2F 0-1: Ball 1-1: Ball 2-1: Swinging Strike 2-2: Ball Wild Pitch! Ty Van Burkleo to second 3-2: Foul Ball, location: 2F 3-2: Ground out 5-3 (Groundball, 56, EV 79.4 MPH)
|
|
Batting: LHB David Thielker
|
0-0: Swinging Strike 0-1: Ball 1-1: Swinging Strike 1-2: Fly out, F5 (Popup, 5SF, EV 71.9 MPH)
|
|
Batting: RHB Ron Gant
|
0-0: Foul Ball, location: 2F 0-1: Called Strike 0-2: Foul Ball, location: 2F 0-2: Ball 1-2: SINGLE (Groundball, 6MD, EV 96.9 MPH) Ty Van Burkleo to third Runner from 3rd tries for Home, SAFE, throw by CF to home
|
|
Batting: RHB Danny Andrade
|
0-0: Called Strike 0-1: Ground out 4-3 (Groundball, 4, EV 82.5 MPH)
|
| Top of the 4th over - 1 run, 2 hits, 0 errors, 1 left on base; Dunedin 2 - St. Pete 3 |
| BOTTOM OF THE 4TH |
|
St. Pete Cardinals batting - Pitching for Dunedin Rangers : RHP Ronald Sylvia
|
|
Batting: RHB Jose Mantilla
|
0-0: Called Strike 0-1: Ball 1-1: Ball 2-1: Foul Ball, location: 2F 2-2: Fly out, F8 (Line Drive, 8LM, EV 90.6 MPH)
|
|
Batting: RHB John Roberts
|
0-0: Ball 1-0: Called Strike 1-1: Called Strike 1-2: SINGLE (Flyball, 8RS, EV 86.3 MPH)
|
|
Batting: SHB Mickey Riley
|
0-0: Ball 1-0: Called Strike John Roberts steals 2nd base 1-1: Foul Ball, location: 2F 1-2: Fly out, F7 (Flyball, 7S, EV 85.0 MPH)
|
|
Batting: RHB Joe Scime
|
0-0: Ball 1-0: Ball 2-0: Called Strike 2-1: Ground out 6-3 (Groundball, 6, EV 100.0 MPH)
|
| Bottom of the 4th over - 0 runs, 1 hit, 0 errors, 1 left on base; Dunedin 2 - St. Pete 3 |
| TOP OF THE 5TH |
|
Dunedin Rangers batting - Pitching for St. Pete Cardinals : RHP Stan Leland
|
|
Batting: RHB Gary Thurman
|
0-0: Called Strike 0-1: Ball 1-1: Called Strike 1-2: Ball 2-2: Ball 3-2: Fly out, F8 (Flyball, 89D, EV 99.4 MPH)
|
|
Batting: RHB Mike Taylor
|
0-0: Ball 1-0: Foul Ball, location: 2F 1-1: Ball 2-1: Foul Ball, location: 2F 2-2: Ball 3-2: Ground out 3-1 (Groundball, 34, EV 91.9 MPH)
|
|
Batting: LHB Mike L Hart
|
0-0: Ball 1-0: Called Strike 1-1: Foul Ball, location: 2F 1-2: Foul Ball, location: 2F 1-2: Fly out, F8 (Line Drive, 8LD, EV 91.3 MPH)
|
| Top of the 5th over - 0 runs, 0 hits, 0 errors, 0 left on base; Dunedin 2 - St. Pete 3 |
| BOTTOM OF THE 5TH |
|
St. Pete Cardinals batting - Pitching for Dunedin Rangers : RHP Ronald Sylvia
|
|
Batting: RHB Eric Hardgrave
|
0-0: Foul Ball, location: 2F 0-1: DOUBLE (Line Drive, 9LM, EV 101.9 MPH)
|
|
Batting: RHB Carlos Garcia
|
0-0: Ground out 6-3 (Groundball, 6, EV 84.4 MPH)
|
|
Batting: RHB Sal Agostinelli
|
0-0: Fly out, F7 (Flyball, 78S, EV 98.1 MPH)
|
|
Batting: RHB Omar Interiano
|
0-0: Called Strike 0-1: DOUBLE (Line Drive, 9LS, EV 109.4 MPH) Eric Hardgrave scores
|
|
Batting: RHB Tom Magrann
|
0-0: Fly out, F8 (Line Drive, 8RD, EV 93.8 MPH)
|
| Bottom of the 5th over - 1 run, 2 hits, 0 errors, 1 left on base; Dunedin 2 - St. Pete 4 |
| TOP OF THE 6TH |
|
Dunedin Rangers batting - Pitching for St. Pete Cardinals : RHP Stan Leland
|
|
Batting: RHB Glenn Wilson
|
0-0: Called Strike 0-1: Foul Ball, location: 2F 0-2: Ball 1-2: Strikes out looking
|
|
Batting: LHB Ty Van Burkleo
|
0-0: Called Strike 0-1: Ball 1-1: Fly out, F7 (Flyball, 7LM, EV 102.5 MPH)
|
|
Batting: RHB Edgar Martinez
|
0-0: Ball 1-0: Foul Ball, location: 2F 1-1: Called Strike 1-2: Foul Ball, location: 2F 1-2: Ball 2-2: Foul Ball, location: 2F 2-2: Foul Ball, location: 2F 2-2: Ball 3-2: DOUBLE (Line Drive, 9LM, EV 96.3 MPH)
|
|
Batting: LHB David Thielker
|
0-0: Foul Ball, location: 2F 0-1: Ball 1-1: Ball 2-1: Ball 3-1: Fly out, F9 (Line Drive, 9, EV 90.0 MPH)
|
| Top of the 6th over - 0 runs, 1 hit, 0 errors, 1 left on base; Dunedin 2 - St. Pete 4 |
| BOTTOM OF THE 6TH |
|
St. Pete Cardinals batting - Pitching for Dunedin Rangers : RHP Ronald Sylvia
|
|
Batting: RHB Jose Mantilla
|
0-0: Ball 1-0: Called Strike 1-1: Ground out U3 (Groundball, 34, EV 99.4 MPH)
|
|
Batting: RHB John Roberts
|
0-0: Swinging Strike 0-1: Ball 1-1: Ground out 5-3 (Groundball, 56, EV 106.3 MPH)
|
|
Batting: SHB Mickey Riley
|
0-0: Called Strike 0-1: Ball 1-1: Ball 2-1: Foul Ball, location: 2F 2-2: Ball 3-2: SINGLE (Groundball, 6MD, EV 108.8 MPH)
|
|
Batting: RHB Joe Scime
|
0-0: Called Strike 0-1: Foul Ball, location: 2F 0-2: Ball 1-2: Foul Ball, location: 2F 1-2: Foul Ball, location: 2F 1-2: Fly out, F9 (Flyball, 89M, EV 91.9 MPH)
|
| Bottom of the 6th over - 0 runs, 1 hit, 0 errors, 1 left on base; Dunedin 2 - St. Pete 4 |
| TOP OF THE 7TH |
|
Dunedin Rangers batting - Pitching for St. Pete Cardinals : RHP Stan Leland
|
|
Batting: RHB Ron Gant
|
0-0: Called Strike 0-1: Ball 1-1: Ball 2-1: Ball 3-1: Fly out, F9 (Flyball, 9LM, EV 94.4 MPH)
|
|
Batting: RHB Danny Andrade
|
0-0: Ball 1-0: Reached on error, E5 (Groundball, 5, EV 76.9 MPH)
|
|
Batting: RHB Gary Thurman
|
0-0: Ball Wild Pitch! Danny Andrade to third 1-0: Ball 2-0: Ball 3-0: Base on Balls
|
|
Batting: LHB La Schelle Tarver
|
0-0: Called Strike 0-1: Called Strike 0-2: Ball 1-2: Ball 2-2: Ball 3-2: Fly out, F7 (Flyball, 78S, EV 83.8 MPH)
|
|
Batting: LHB Mike L Hart
|
0-0: Ball 1-0: Ball 2-0: Foul Ball, location: 2F 2-1: Foul Ball, location: 2F 2-2: Ball 3-2: Foul Ball, location: 2F 3-2: Fly out, F8 (Flyball, 78D, EV 97.5 MPH)
|
| Top of the 7th over - 0 runs, 0 hits, 1 error, 2 left on base; Dunedin 2 - St. Pete 4 |
| BOTTOM OF THE 7TH |
|
St. Pete Cardinals batting - Pitching for Dunedin Rangers : RHP Ronald Sylvia
|
|
Batting: RHB Eric Hardgrave
|
0-0: Called Strike 0-1: Ball 1-1: DOUBLE (Flyball, 89XD, EV 102.5 MPH)
|
|
Batting: RHB Carlos Garcia
|
0-0: Ground out 6-3 (Groundball, 56, EV 75.6 MPH)
|
|
Batting: RHB Sal Agostinelli
|
0-0: Intentional Walk
|
|
Batting: RHB Omar Interiano
|
0-0: Ball 1-0: Foul Ball, location: 2F 1-1: Ball 2-1: Fielders Choice at 2nd, 6-4 (Groundball, 6, EV 102.5 MPH) Eric Hardgrave to third
|
|
Batting: RHB Tom Magrann
|
0-0: Ball 1-0: Called Strike 1-1: Fly out, F9 (Flyball, 89M, EV 86.3 MPH)
|
| Bottom of the 7th over - 0 runs, 1 hit, 0 errors, 2 left on base; Dunedin 2 - St. Pete 4 |
| TOP OF THE 8TH |
|
Dunedin Rangers batting - Pitching for St. Pete Cardinals : RHP Stan Leland
|
|
Pitching: RHP Alan Banes
|
|
|
Batting: RHB Glenn Wilson
|
0-0: Ball 1-0: Fly out, F7 (Flyball, 7LM, EV 90.6 MPH)
|
|
Batting: LHB Ty Van Burkleo
|
0-0: Ball 1-0: Foul Ball, location: 2F 1-1: Fly out, F8 (Flyball, 78D, EV 92.5 MPH)
|
|
Batting: RHB Edgar Martinez
|
0-0: Ball 1-0: Ball 2-0: Ball 3-0: Called Strike 3-1: Fly out, F7 (Flyball, 7, EV 96.3 MPH)
|
| Top of the 8th over - 0 runs, 0 hits, 0 errors, 0 left on base; Dunedin 2 - St. Pete 4 |
| BOTTOM OF THE 8TH |
|
St. Pete Cardinals batting - Pitching for Dunedin Rangers : RHP Ronald Sylvia
|
|
Batting: RHB Jose Mantilla
|
0-0: Ground out 5-3 (Groundball, 56S, EV 83.8 MPH)
|
|
Batting: RHB John Roberts
|
0-0: Called Strike 0-1: Ball 1-1: Ball 2-1: Swinging Strike 2-2: Ball 3-2: Base on Balls
|
|
Batting: SHB Mickey Riley
|
0-0: Swinging Strike 0-1: Called Strike 0-2: Ball 1-2: Ball 2-2: Ball 3-2: Foul Ball, location: 2F 3-2: Foul Ball, location: 2F 3-2: Ground out 1-3 (Groundball, 34S, EV 70.6 MPH) John Roberts to second
|
|
Batting: RHB Joe Scime
|
0-0: Fly out, F8 (Flyball, 78M, EV 93.1 MPH)
|
| Bottom of the 8th over - 0 runs, 0 hits, 0 errors, 1 left on base; Dunedin 2 - St. Pete 4 |
| TOP OF THE 9TH |
|
Dunedin Rangers batting - Pitching for St. Pete Cardinals : RHP Alan Banes
|
|
Pitching: RHP Dave W Johnson
|
|
|
Batting: LHB David Thielker
|
0-0: Ground out 6-3 (Groundball, 6M, EV 89.4 MPH)
|
|
Batting: RHB Ron Gant
|
0-0: Called Strike 0-1: Fly out, F6 (Line Drive, 6, EV 73.1 MPH)
|
|
Batting: RHB Danny Andrade
|
0-0: Ball 1-0: Ground out 6-3 (Groundball, 6, EV 82.5 MPH)
|
| Top of the 9th over - 0 runs, 0 hits, 0 errors, 0 left on base; Dunedin 2 - St. Pete 4 |
|